 Dungeon Crawl Stone Soup version 0.21.1-1-g345015fe64 (webtiles) character file.

905925 RaHiT the Ninja (level 27, -4/242 HPs)
             Began as a Vampire Assassin on Mar 27, 2018.
             Was a Priest of Uskayaw.
             Killed by dispel undead
             ... invoked by a Tzitzimitl
              (57 damage)
             ... in Pandemonium on Apr 9, 2018.
             The game lasted 16:38:20 (116009 turns).

RaHiT the Ninja (Vampire Assassin)                Turns: 116009, Time: 16:38:21

Health: -4/242     AC: 24    Str: 13    XL:     27
Magic:  30/32      EV: 34    Int: 14    God:    Uskayaw [***...]
Gold:   4879       SH: 28    Dex: 30    Spells: 26/26 levels left

rFire    + + +     SeeInvis +   e - +7 rapier (speed)
rCold    + + +     Gourm    .   Q - +5 shield {reflect}
rNeg     + + +     Faith    .   j - +2 robe {rC+ rF+}
rPois    +         Spirit   .   f - +2 hat {MR+}
rElec    +         Reflect  +   y - +2 cloak {MR+}
rCorr    .         Harm     .   L - +2 pair of gloves {Dex+3}
MR       ++++.                  u - +2 pair of boots of Fun and Games {rElec Dex+3}
Stlth    ++++++++++             v - brooch of Shielding {Reflect SH+8}
HPRegen  0.25/turn              N - ring of Ippegem {rF+ rC+ Str+3}
MPRegen  0.23/turn              q - ring of the Country {rF+ rN+ AC+3 Stlth+}

@: regenerating slowly, slowed, very slow
A: fangs 3, slimy green scales 1, see invisible, dopey 1, low mp 1, screaming 1,
weak 1, unbreathing, evolution 1
}: 5/15 runes: decaying, serpentine, slimy, silver, abyssal
a: Bat Form, Stomp, Line Pass, Renounce Religion


You were in Pandemonium.
You worshipped Uskayaw.
Uskayaw was most pleased with you.
You were near bloodless.

You visited 18 branches of the dungeon, and saw 79 of its levels.
You visited Pandemonium 1 time, and saw 2 of its levels.
You visited the Abyss 6 times.
You also visited: Labyrinth, Ice Cave, Wizlab and Desolation.

You collected 10612 gold pieces.
You spent 5733 gold pieces at shops.

Inventory:

Hand Weapons
 a - a +9 quick blade of electrocution
 b - the +6 arbalest "Damnation" {damnation}
   (You found it on level 6 of the Lair of Beasts)
 e - a +7 rapier of speed (weapon)
Missiles
 w - 1906 bolts
Armour
 f - a +2 hat of magic resistance (worn)
 j - a +2 robe of resistance (worn)
 u - the +2 pair of boots of Fun and Games (worn) {rElec Dex+3}
   (You found it on level 2 of the Vaults)

   It affects your dexterity (+3).
   It insulates you from electricity.
 y - a +2 cloak of magic resistance (worn)
 L - a +2 pair of gloves of dexterity (worn)
 Q - a +5 shield of reflection (worn)
Jewellery
 q - the ring of the Country (right hand) {rF+ rN+ AC+3 Stlth+}
   (You found it on level 3 of the Crypt)

   [ring of protection]

   It affects your AC (+3).
   It protects you from fire.
   It protects you from negative energy.
   It makes you more stealthy.
 t - the ring "Conam" {+Blink rC+ Str+6}
   (You bought it in a shop on level 5 of the Dungeon)

   [ring of strength]

   It affects your strength (+6).
   It protects you from cold.
   It lets you blink.
 v - the brooch of Shielding (around neck) {Reflect SH+8}
   (You bought it in a shop on level 3 of the Elven Halls)

   [amulet of reflection]

   It shields you and reflects attacks.
   It affects your SH (+8).
 A - an uncursed amulet of faith
 D - the ring "Nantor" {*Slow rPois rF- AC+4 Slay+5}
   (You bought it in a shop on level 2 of the Orcish Mines)

   [ring of protection]

   It affects your AC (+4).
   It affects your accuracy and damage with ranged weapons and melee attacks
   (+5).
   It makes you vulnerable to fire.
   It protects you from poison.
   It may slow you when you take damage.
 E - the ring "Ifaecioc" {rC+++ AC+6 Int+6 SInv}
   (You took it off a deep elf death mage on level 3 of the Elven Halls)

   [ring of protection]

   It affects your AC (+6).
   It affects your intelligence (+6).
   It renders you almost immune to cold.
   It lets you see invisible.
 N - the ring of Ippegem (left hand) {rF+ rC+ Str+3}
   (You found it on level 5 of the Vaults)

   [ring of protection from fire]

   It affects your strength (+3).
   It protects you from fire.
   It protects you from cold.
 Y - the amulet "Wurol" {+Rage rN+}
   (You found it in a wizard's laboratory)

   [amulet of rage]

   It protects you from negative energy.
   It lets you go berserk.
Wands
 m - a wand of iceblast (24)
 p - a wand of enslavement (23)
 G - a wand of disintegration (99)
 J - a wand of clouds (12)
 M - a wand of scattershot (22)
 P - a wand of acid (29)
 R - a wand of paralysis (51)
Scrolls
 c - 9 scrolls of summoning
 d - 6 scrolls of remove curse
 k - 20 scrolls of teleportation
 o - 7 scrolls of magic mapping
 x - a scroll of fear
 z - 5 scrolls of fog
 O - 4 scrolls of silence
 T - 4 scrolls of blinking
 Z - 23 scrolls of identify
Potions
 h - 7 potions of curing
 r - 5 potions of haste
 s - 6 potions of agility
 C - 4 potions of might
 F - 6 potions of magic
 I - 10 potions of heal wounds
 K - 5 potions of cancellation
 X - 9 potions of flight
Miscellaneous
 l - 2 phantom mirrors
 n - 2 sacks of spiders
 H - a lamp of fire
 V - a phial of floods
 W - a lightning rod (2/4)


   Skills:
 * Level 25.3 Fighting
 - Level 21.0 Short Blades
 - Level 19.0 Crossbows
 - Level 6.0 Throwing
 - Level 21.0 Armour
 + Level 19.7 Dodging
 O Level 27 Stealth
 - Level 15.0 Shields
 - Level 18.0 Invocations
 - Level 12.0 Evocations


You had 26 spell levels left.
You didn't know any spells.

Dungeon Overview and Level Annotations

Branches:
Dungeon (15/15)            Temple (1/1) D:5            Lair (6/6) D:11
  Swamp (4/4) Lair:4        Snake (4/4) Lair:3        Slime (5/5) Lair:5
    Orc (2/2) D:11            Elf (3/3) Orc:2        Vaults (5/5) D:14
  Crypt (3/3) Vaults:2       Tomb (2/3) Crypt:3      Depths (5/5) D:15
   Hell (1/1)                 Dis (6/7) Hell            Geh (7/7) Hell
    Coc (7/7) Hell            Tar (1/7) Hell            Zot (2/5) Depths:5

Altars:
Ashenzari
Cheibriados
Dithmenos
Elyvilon
Fedhas
Gozag
Hepliaklqana
Kikubaaqudgha
Makhleb
Nemelex Xobeh
Okawaru
Qazlal
Ru
Sif Muna
Trog
Uskayaw
Vehumet
Wu Jian
Xom
Yredelemnul
Zin
The Shining One
Beogh
Jiyva

Shops:
D:5 =   D:12 (   D:14 [   D:15 !:!**   Orc:1 [(:*   Orc:2 =}(?   Elf:1 }
Elf:2 }   Elf:3 [=(}=}%?   Snake:3 !   Vaults:2 [   Vaults:3 ?:=!   Depths:4 ?

Portals:
Hell: Depths:1 Depths:2 Depths:3 Depths:4 Depths:5
Abyss: Depths:4 Depths:5
Pandemonium: Depths:3
Ziggurat: Depths:5
Trove: Vaults:1 (give +3 shadow dragon scales)


Innate Abilities, Weirdness & Mutations

You heal slowly.
You have razor-sharp teeth.
You have supernaturally acute eyesight. (SInv)
You can survive without breathing.
You are partially covered in slimy green scales. (AC +2)
You are dopey. (Int -2)
Your magical capacity is low. (-10% MP)
You occasionally shout uncontrollably at your foes.
You are weak. (Str -2)
You evolve.


Message History

Your attacks no longer feel as feeble.
You block the ufetubus's attack. The ufetubus completely misses you.
You block the soul eater's attack.
Unknown command.
You puncture the soul eater!
You bite the soul eater, but do no damage.
The soul eater is almost dead.
The Tzitzimitl calls on the powers of darkness!
Your body is wracked with pain!
* * * LOW HITPOINT WARNING * * *
The ufetubus hits you but does no damage.
You block the ufetubus's attack. The neqoxec gestures at you.
Something tries to feed on your intellect!
You closely miss the soul eater. Your bite misses the soul eater.
The soul eater is almost dead.
You block the soul eater's attack. The Tzitzimitl gestures at you.
You convulse!
You die...

......#.#.......#######.'....#...
........#.#####......####....#...
).......#.# #......# ##...#####
........#.#####......# #'...#
........#....[....$..###'...#
........#%.(.........'......#
....###......(.......##.....#
##### #........(.1...##.....#
................@55..##...###
..........######33...##...#
..........# ####5....##...#
..........# #........##...#
..........# #........##...#
..........# #.....#.........
..........# #.....#.........
#..../#......... #.....#.......3.


You could see a Tzitzimitl, a soul eater, a neqoxec, an iron imp, a white imp
and an ufetubus.

Vanquished Creatures
  the Royal Jelly (Slime:5)
  Mennas (Crypt:1)
  8 ancient liches
  Khufu (Crypt:2)
  Mara (Swamp:3)
  The ghost of KleinerIrrer the Slayer, a legendary FoFi of the Shining One (Hell)
  A juggernaut (Abyss:1)
  2 pandemonium lords (Pan)
  16 shard shrikes
  4 greater mummies
  Bai Suzhen (Depths:2)
  Margery (Vaults:5)
  the Lernaean hydra (Swamp:4)
  Saint Roka (Snake:3)
  Geryon (Hell)
  A golden dragon (Vaults:5)
  Jory (Vaults:3)
  3 profane servitors
  10 bone dragons
  A doom hound (Tar:1)
  A mutant beast (WizLab)
  4 Tzitzimimeh
  4 Brimstone Fiends
  14 liches
  Jorgrun (Depths:2)
  4 hellephants
  Rupert (Lair:4)
  An iron giant (Dis:1)
  2 Hell Sentinels
  5 tentacled monstrosities
  8 Ice Fiends
  Murray (Hell)
  5 titans
  Asterion (Vaults:3)
  2 deep elf blademasters (Elf:3)
  34 acid blobs
  A kraken (Abyss:5)
  4 Executioners
  2 death cobs
  2 quicksilver dragons
  A thorn hunter (Swamp:3)
  16 sphinxes
  4 ancient champions
  27 tentacled starspawn
  Gastronok (Lair:2)
  7 shadow dragons
  5 draconian monks (Zot:2)
  A daeva (Abyss:1)
  7 storm dragons
  8 tengu reavers
  Roxanne (Snake:3)
  The ghost of bogue1979 the Earth Mage, a journeyman GrEE of Vehumet (D:14)
  3 revenants
  16 azure jellies
  4 imperial myrmidons (Desolation)
  10 nagarajas
  5 iron dragons
  10 fire giants
  A draconian shifter (Zot:2)
  9 deep elf sorcerers
  2 cacodemons
  2 curse skulls
  3 draconian knights
  3 balrugs
  10 frost giants
  12 vault wardens
  9 ghouls (Crypt:2)
  2 draconian scorchers
  2 emperor scorpions (Depths:4)
  The ghost of BrokenGlass the Warrior, an adept VSAs of Lugonu (Snake:2)
  2 warmongers (Pan)
  13 ironheart preservers
  4 deep elf elementalists
  4 draconian annihilators
  4 draconian stormcallers
  38 very ugly things
  23 reapers
  9 war gargoyles
  3 elemental wellsprings
  The ghost of GingerOwl the Impaler, a journeyman GrFi of Makhleb (Orc:2)
  9 green draconians
  20 stone giants
  An ophan (Abyss:5)
  A corrupter (Pan)
  A juggernaut skeleton (Crypt:2)
  An entropy weaver (Vaults:1)
  6 vampire knights
  10 black draconians
  2 purple draconians
  8 lorocyprocas
  6 yellow draconians
  2 halazid warlocks (Desolation)
  3 red draconians
  7 deep elf demonologists
  6 deep elf annihilators
  7 white draconians
  A black sun (Pan)
  6 eidola
  5 green deaths
  7 mummy priests
  Snorg (D:11)
  10 fire dragons
  13 deep elf death magi
  5 quicksilver dragon zombies
  7 crystal guardians
  7 blizzard demons
  2 merfolk impalers (Depths:3)
  A minotaur (Lab)
  23 ettins
  10 deep elf high priests
  20 death oozes
  13 great orbs of eyes
  13 jiangshi
  15 ogre magi
  17 yaktaur captains
  6 ragged hierophants (Desolation)
  8 servants of whispers (Desolation)
  A quicksilver dragon skeleton (Tar:1)
  21 hydras
  Harold (D:11)
  A spriggan air mage (Depths:3)
  Erolcha (D:11)
  A ghost crab (Swamp:3)
  18 peacekeepers
  A monstrous demonspawn (Pan)
  16 centaur warriors
  16 ice dragons
  11 naga warriors
  A hell beast (Depths:5)
  4 catoblepae
  11 rakshasas
  27 vault guards
  41 two-headed ogres
  Erica (D:11)
  4 death knights
  11 anacondas
  A two-headed ogre (shapeshifter) (Vaults:5)
  12 deep troll earth magi
  28 dancing weapons
  14 death scarabs
  9 vampire magi
  7 death yaks
  10 alligators
  7 tengu warriors
  9 shock serpents
  15 deep troll shamans
  7 orc high priests
  33 hell hogs
  5 storm dragon zombies
  19 sun demons
  5 spriggans
  3 titan zombies
  11 naga sharpshooters
  4 spriggan berserkers
  46 hell knights
  24 deep elf knights
  34 thrashing horrors
  8 iron golems
  7 titan skeletons
  22 soul eaters
  The ghost of BorisKarlOrff the Twirler, a novice MiBe of Trog (D:6)
  15 iron trolls
  7 salamander mystics
  24 wretched stars
  5 sixfirhies
  86 skeletal warriors
  2 storm dragon skeletons
  3 spatial maelstroms
  2 ghost moth zombies
  2 death drakes
  7 shadow wraiths
  A gelid demonspawn (Pan)
  2 golden dragon zombies
  A quicksilver dragon simulacrum (Hell)
  8 unseen horrors
  5 shadow demons
  A death drake (shapeshifter) (Depths:2)
  A glowing orange brain (shapeshifter) (D:15)
  A torturous demonspawn (Pan)
  40 deep trolls
  A spriggan druid (Swamp:3)
  12 deep elf archers
  5 glowing orange brains
  2 infernal demonspawn (Pan)
  9 flayed ghosts
  3 naga ritualists (Snake:4)
  A wolf spider zombie (Crypt:3)
  17 swamp dragons
  3 wizards
  5 lindwurms
  2 golden dragon skeletons
  8 anaconda skeletons
  11 anaconda zombies
  15 phantasmal warriors
  12 ironbrand convokers
  17 orc knights
  6 shadow dragon zombies
  3 iron dragon zombies
  A harpy (shapeshifter) (Abyss:1)
  4 shambling mangroves
  61 ugly things
  12 necromancers
  57 deep elf magi
  2 orb spiders (Depths:4)
  A wolf spider (shapeshifter) (WizLab)
  6 shadow dragon skeletons
  A salamander (shapeshifter) (WizLab)
  8 orc sorcerers
  A cyclops (shapeshifter) (Vaults:3)
  2 fauns (shapeshifter) (WizLab)
  4 stone giant zombies
  20 salamanders
  2 cyclopes
  A shining eye (shapeshifter) (Depths:5)
  7 frost giant zombies
  12 mana vipers
  13 shining eyes
  6 moths of wrath
  8 wolf spiders
  A manticore (D:12)
  12 elephants
  5 worldbinders
  A moth of wrath (shapeshifter) (WizLab)
  3 centaur zombies
  3 iron dragon skeletons
  6 ice statues
  A stone giant skeleton (Coc:3)
  5 dire elephant zombies
  5 fire giant zombies
  23 rust devils
  2 molten gargoyles
  12 guardian serpents
  5 apocalypse crabs (Abyss:5)
  21 black mambas
  5 orange demons
  3 eyes of devastation
  5 frost giant skeletons
  9 gargoyles
  37 smoke demons
  17 spiny frogs
  11 vault sentinels
  15 fire giant skeletons
  2 storm dragon simulacra
  A dire elephant skeleton (Geh:5)
  28 naga magi
  A torpor snail (shapeshifter) (Vaults:5)
  2 kobold demonologists (Crypt:2)
  2 rime drakes
  3 rime drakes (shapeshifter) (WizLab)
  A black draconian zombie (Crypt:2)
  29 hellions
  6 komodo dragons
  46 freezing wraiths
  52 yaktaurs
  A yaktaur (shapeshifter) (Vaults:4)
  An emperor scorpion zombie (Crypt:2)
  A purple draconian zombie (Crypt:1)
  3 spriggan zombies
  16 red devils
  6 efreet
  3 harpy zombies
  3 komodo dragons (shapeshifter)
  2 elves (WizLab)
  A demonic crawler (Pan)
  17 tormentors
  A redback zombie (D:14)
  A ghost moth simulacrum (Coc:6)
  2 anaconda simulacra
  16 ancient zymes
  37 ice devils
  3 polar bears (Lair:6)
  9 guardian mummies
  3 queen bees (shapeshifter)
  10 hornets
  7 hellwings
  An iron troll skeleton (Crypt:2)
  A shadow dragon simulacrum (Crypt:2)
  18 hydra zombies
  A minotaur zombie (Geh:4)
  7 tengu conjurers
  A queen bee (D:8)
  A troll (shapeshifter) (WizLab)
  5 trolls
  A jumping spider (shapeshifter) (WizLab)
  A tyrant leech (shapeshifter) (Vaults:5)
  8 tyrant leeches
  2 wind drakes (shapeshifter) (WizLab)
  6 hydra skeletons
  38 raiju
  A silent spectre (Tar:1)
  2 deep troll zombies (Hell)
  6 catoblepas skeletons (Abyss:5)
  A polar bear (shapeshifter) (WizLab)
  A dream sheep (shapeshifter) (WizLab)
  10 alligator zombies
  A slime creature (shapeshifter) (WizLab)
  65 saltlings (Desolation)
  20 blink frogs
  3 blink frogs (shapeshifter)
  A fire dragon zombie (Geh:7)
  11 hippogriffs
  A human simulacrum (Vaults:4)
  128 slime creatures
  2 snapping turtles (shapeshifter)
  3 hippogriffs (shapeshifter)
  A stone giant simulacrum (Abyss:1)
  11 bog bodies
  A jumping spider zombie (Crypt:2)
  3 ice dragon zombies
  An elf zombie (Hell)
  A frost giant simulacrum (Coc:4)
  5 ettin zombies
  4 ettin skeletons
  2 alligator skeletons
  Sigmund (D:3)
  57 flying skulls
  41 starcursed masses
  3 redbacks
  6 air elementals
  A centaur simulacrum (D:12)
  31 wraiths
  10 fire dragon skeletons
  25 ynoxinuls
  A spriggan (shapeshifter) (Elf:3)
  3 humans (shapeshifter)
  5 wyverns
  26 yaks
  8 vampires
  5 ushabtiu (Tomb:1)
  4 ice dragon skeletons
  2 tarantellas (shapeshifter)
  25 water elementals
  21 shadows
  5 basilisks
  A black mamba skeleton (Coc:4)
  A tarantella (Depths:4)
  2 humans (WizLab)
  75 large abominations
  3 hogs (shapeshifter)
  2 yaks (shapeshifter)
  18 fire elementals
  10 fire bats
  4 golden eyes
  A golden eye (shapeshifter) (Vaults:4)
  25 chaos spawn
  Eustachio (D:4)
  7 vampire mosquitoes
  9 hungry ghosts
  Grum (Lair:1)
  3 spatial vortices (Abyss:5)
  A glowing shapeshifter zombie (Crypt:1)
  4 insubstantial wisps (Abyss:5)
  21 neqoxecs
  12 wargs
  2 tengu zombies (Hell)
  A harpy simulacrum (Crypt:2)
  A warg (shapeshifter) (Vaults:5)
  3 human zombies
  46 nagas
  3 soldier ants (shapeshifter)
  18 swamp worms
  3 acid dragons
  A soldier ant (D:10)
  3 hydra simulacra
  12 water moccasins
  A gelid demonspawn skeleton (Crypt:2)
  6 spiny frog zombies
  17 swamp drakes
  5 floating eyes
  51 hell hounds
  5 porcupines
  14 eyes of draining
  2 swamp dragon zombies
  12 ice beasts
  2 black bears (shapeshifter) (WizLab)
  2 manticore zombies
  A spiny frog skeleton (Coc:1)
  8 phantoms
  2 black bears
  An ice dragon simulacrum (Coc:3)
  37 orc warriors
  A sky beast (shapeshifter) (Abyss:5)
  2 sky beasts
  A tengu (shapeshifter) (WizLab)
  7 necrophages
  An eye of draining (shapeshifter) (WizLab)
  2 manticore skeletons
  15 wolves
  33 ogres
  5 boggarts
  32 centaurs
  A swamp dragon skeleton (Geh:1)
  The ghost of localevil the Grave Robber, an amateur DsNe (D:3)
  A snapping turtle skeleton (Coc:7)
  A wolf (shapeshifter) (WizLab)
  15 crocodiles
  A rime drake skeleton (Crypt:1)
  5 big kobolds
  13 bullfrogs
  An elf skeleton (Crypt:1)
  14 earth elementals
  A salamander skeleton (Crypt:1)
  2 scorpions
  2 spiny frog simulacra
  55 small abominations
  A yak zombie (Crypt:1)
  25 killer bees
  49 wights
  3 howler monkeys (D:13)
  6 electric eels
  3 bullfrog zombies
  18 crimson imps
  7 quasits
  16 orc priests
  5 hounds
  Crazy Yiuf (D:7)
  11 centaur skeletons
  9 jellies
  3 bullfrog skeletons
  A human skeleton (Abyss:2)
  3 iguanas
  17 iron imps
  A basilisk skeleton (Crypt:1)
  6 hell rats (Hell)
  23 orc wizards
  A lightning spire (Abyss:5)
  Natasha (thrice) (D:2)
  11 worker ants
  A hound zombie (D:10)
  A naga skeleton (Coc:5)
  3 hound skeletons
  10 mummies
  A howler monkey zombie (D:11)
  15 adders
  9 gnolls
  A steam dragon zombie (Crypt:2)
  3 shadow imps
  40 white imps
  13 ufetubi
  2 oozes
  An adder skeleton (D:9)
  4 worms
  2 dart slugs (D:1)
  6 leopard geckos
  98 orcs
  A bat skeleton (Crypt:2)
  3 giant cockroaches
  10 hobgoblins
  16 jackals
  28 kobolds
  A quokka (D:6)
  6 bats
  5 frilled lizards
  A giant cockroach zombie (Crypt:1)
  A gnoll skeleton (Crypt:2)
  10 goblins
  A kobold zombie (Geh:5)
  2 leopard gecko zombies
  An orc zombie (Abyss:2)
  A quokka zombie (D:5)
  11 rats
  A butterfly (D:5)
  3 crawling corpses (Elf:3)
  A fungus (Lair:6)
  A lurking horror (Abyss:5)
  A plant (Depths:2)
  14 starspawn tentacles
  A withered plant (Crypt:3)
4225 creatures vanquished.

Vanquished Creatures (collateral kills)
  A reaper (Hell)
  A soul eater (Pan)
2 creatures vanquished.

Vanquished Creatures (others)
  Vashnia (Snake:4)
  2 eldritch tentacles
  Donald (Slime:2)
  An elemental wellspring (Coc:4)
  A deep elf death mage (Crypt:2)
  2 yaktaur captains
  A centaur warrior (Depths:1)
  3 death scarabs (Tomb:2)
  An ogre mage (Depths:1)
  3 hell hogs
  A naga sharpshooter (Snake:1)
  2 large abominations
  A deep elf mage (Elf:3)
  A rust devil (Hell)
  A hellion (Pan)
  10 yaktaurs
  A catoblepas skeleton (Abyss:5)
  A slime creature (Slime:4)
  An alligator zombie (Tomb:1)
  7 flying skulls
  A water elemental (Hell)
  A wraith (Geh:5)
  A chaos spawn (Abyss:5)
  A vampire mosquito (D:12)
  A small abomination (Abyss:5)
  2 earth elementals (Abyss:5)
  An iron imp (Dis:1)
  2 mummies (Tomb:1)
  5 white imps (IceCv)
  3 ufetubi (IceCv)
  An orc (D:6)
  2 fungi
  8 lurking horrors
  4 plants
  61 starspawn tentacles
136 creatures vanquished.

Grand Total: 4363 creatures vanquished

Notes
Turn   | Place    | Note
-------+----------+-------------------------------------------
     0 | D:1      | RaHiT the Vampire Assassin began the quest for the Orb.
     0 | D:1      | Reached XP level 1. HP: 16/16 MP: 1/1
   331 | D:1      | Reached XP level 2. HP: 22/22 MP: 2/2
   473 | D:1      | Reached skill level 6 in Stealth
  1030 | D:1      | Reached XP level 3. HP: 27/27 MP: 3/3
  1286 | D:2      | Noticed a moth of wrath
  1289 | D:2      | Found a bloodstained altar of Trog.
  1445 | D:2      | Found a faded altar of an unknown god.
  1578 | D:2      | Noticed Natasha
  1581 | D:2      | Killed Natasha
  1581 | D:2      | Reached skill level 1 in Armour
  1581 | D:2      | Reached XP level 4. HP: 30/33 MP: 4/4
  1748 | D:2      | Noticed Natasha
  1759 | D:2      | Killed Natasha
  1782 | D:2      | Noticed Natasha
  2138 | D:2      | Killed Natasha
  2138 | D:2      | Reached XP level 5. HP: 38/38 MP: 5/5
  2906 | D:3      | Noticed localevil's ghost (amateur DsNe)
  3040 | D:3      | Gained mutation: You are somewhat resistant to further mutation. [potion of mutation]
  3118 | D:3      | Killed localevil's ghost
  3310 | D:3      | Noticed Sigmund
  3337 | D:3      | Killed Sigmund
  3337 | D:3      | Reached skill level 7 in Stealth
  3337 | D:3      | Reached XP level 6. HP: 17/46 MP: 6/6
  3487 | D:4      | Noticed Eustachio
  3498 | D:4      | Killed Eustachio
  3498 | D:4      | Reached XP level 7. HP: 46/52 MP: 7/7
  3520 | D:4      | Reached skill level 5 in Short Blades
  3783 | D:5      | Entered Level 5 of the Dungeon
  3834 | D:5      | Reached skill level 8 in Stealth
  3900 | D:5      | Found a staircase to the Ecumenical Temple.
  3906 | Temple   | Entered the Ecumenical Temple
  3993 | D:5      | Found a shadowy altar of Dithmenos.
  4003 | D:5      | Reached skill level 1 in Evocations
  4110 | D:5      | Reached XP level 8. HP: 41/58 MP: 8/8
  4352 | D:5      | Found Wouquc's Jewellery Emporium.
  4501 | D:6      | Found a hide-covered altar of Uskayaw.
  4540 | D:6      | Became a worshipper of Uskayaw the Reveler
  4568 | D:6      | Reached * piety under Uskayaw
  4588 | D:6      | Reached ** piety under Uskayaw
  4960 | D:6      | Found a snail-covered altar of Cheibriados.
  5003 | D:6      | Reached *** piety under Uskayaw
  5102 | D:6      | Noticed BorisKarlOrff's ghost (novice MiBe)
  5132 | D:6      | HP: 3/60 [BorisKarlOrff's ghost (5)]
  5537 | D:6      | Killed BorisKarlOrff's ghost
  5537 | D:6      | Reached skill level 5 in Dodging
  5537 | D:6      | Reached skill level 9 in Stealth
  5537 | D:6      | Reached XP level 9. HP: 23/66 MP: 9/11
  5954 | D:6      | Reached skill level 1 in Shields
  5994 | D:6      | Found an ancient bone altar of Kikubaaqudgha.
  6287 | D:7      | Found a runed door.
  6293 | D:7      | Noticed Crazy Yiuf
  6297 | D:7      | Killed Crazy Yiuf
  7302 | D:8      | Noticed a queen bee
  7316 | D:8      | Reached **** piety under Uskayaw
  7325 | D:8      | Reached ***** piety under Uskayaw
  7338 | D:8      | Reached ****** piety under Uskayaw
  7340 | D:8      | Killed a queen bee
  7340 | D:8      | Reached skill level 5 in Shields
  7547 | D:8      | Reached skill level 1 in Invocations
  7654 | D:8      | Found a bloodstained altar of Trog.
  7681 | D:8      | Reached XP level 10. HP: 51/73 MP: 12/12
  7796 | D:8      | Reached skill level 10 in Stealth
  7902 | D:8      | Reached skill level 5 in Fighting
  8393 | D:9      | Found a shattered altar of Ashenzari.
  8409 | D:9      | Gained mutation: You are weak. (Str -2) [potion of mutation]
  8967 | D:9      | Found a burning altar of Makhleb.
  9006 | D:10     | Entered Level 10 of the Dungeon
  9344 | D:10     | Noticed an unseen horror
  9352 | D:10     | Killed an unseen horror
  9456 | D:10     | Noticed a two-headed ogre
  9547 | D:10     | Killed a two-headed ogre
  9779 | D:10     | Reached XP level 11. HP: 43/81 MP: 7/14
 10244 | D:11     | Found a staircase to the Orcish Mines.
 10257 | D:11     | Noticed Erolcha
 10275 | D:11     | Reached skill level 11 in Stealth
 10293 | D:11     | Killed Erolcha
 10456 | D:11     | Noticed Erica
 10485 | D:11     | Killed Erica
 10538 | D:11     | Noticed Snorg
 10542 | D:11     | Killed Snorg
 10584 | D:11     | Noticed a two-headed ogre
 10609 | D:11     | Killed a two-headed ogre
 10609 | D:11     | Reached skill level 5 in Armour
 10623 | D:11     | Noticed a two-headed ogre
 10646 | D:11     | Killed a two-headed ogre
 10725 | D:11     | Noticed a red ugly thing
 10859 | D:11     | Killed a red ugly thing
 10859 | D:11     | Reached skill level 5 in Throwing
 11046 | D:11     | Noticed a cyan ugly thing
 11119 | D:11     | Noticed Harold
 11309 | D:11     | Killed Harold
 11309 | D:11     | Reached skill level 12 in Stealth
 11593 | D:11     | Got an iridescent great sword
 11607 | D:11     | Found a staircase to the Lair.
 12096 | D:12     | Found Uvvegh's Weapon Shop.
 12137 | D:12     | Noticed an unseen horror
 12157 | D:12     | Killed an unseen horror
 12262 | D:12     | Reached skill level 10 in Short Blades
 12281 | D:12     | Reached XP level 12. HP: 88/88 MP: 15/15
 12550 | D:12     | Reached skill level 5 in Invocations
 12761 | D:12     | Got a jewelled dagger
 12762 | D:12     | Identified the cursed +2 dagger "Fiod" {drain, rPois rF+ MR- Dex+4} (You found it on level 12 of the Dungeon)
 12778 | D:11     | Reached XP level 13. HP: 93/93 MP: 16/16
 12785 | D:11     | Identified the cursed +0 great sword of the Mouth {vamp, *Corrode +Rage Int+8 Dex-3} (You found it on level 11 of the Dungeon)
 13141 | D:12     | Noticed a fire dragon
 13468 | D:11     | Killed a fire dragon
 13592 | Lair:1   | Entered Level 1 of the Lair of Beasts
 13592 | Lair:1   | Found a blossoming altar of Fedhas.
 13615 | Lair:1   | Found a frozen archway.
 13702 | IceCv    | Entered an ice cave
 13789 | IceCv    | Reached skill level 13 in Stealth
 13915 | IceCv    | Got a pair of slimy boots
 13921 | IceCv    | Identified the +2 pair of boots of the Desert {rPois Int+5 SInv} (You found it in an ice cave)
 14771 | IceCv    | Noticed a reaper
 15793 | Lair:1   | Noticed Grum
 15889 | Lair:1   | Killed Grum
 17607 | Lair:2   | Lost mutation: You are weak. (Str -2) [potion of mutation]
 17607 | Lair:2   | Gained mutation: You are partially covered in rugged brown scales. (AC +1, +3% HP) [potion of mutation]
 18246 | Lair:2   | Reached skill level 14 in Stealth
 18314 | Lair:2   | Noticed Gastronok
 18405 | Lair:2   | Killed Gastronok
 18405 | Lair:2   | Reached skill level 5 in Evocations
 19228 | Lair:3   | Found a staircase to the Snake Pit.
 19619 | Lair:4   | Noticed Rupert
 19660 | Lair:4   | Killed Rupert
 19660 | Lair:4   | Reached skill level 10 in Shields
 19738 | Lair:4   | Found a staircase to the Swamp.
 20099 | Lair:4   | Reached XP level 14. HP: 103/103 MP: 18/18
 20656 | Lair:5   | Found a viscous altar of Jiyva.
 20656 | Lair:5   | Found a staircase to the Slime Pits.
 20891 | Lair:5   | Found a glowing silver altar of Zin.
 21211 | Lair:5   | Identified a scroll of acquirement
 21509 | Lair:6   | Entered Level 6 of the Lair of Beasts
 21946 | Lair:6   | Reached skill level 15 in Stealth
 23586 | Lair:6   | Found the +6 arbalest "Damnation" {damnation}
 24747 | Orc:1    | Entered Level 1 of the Orcish Mines
 24855 | Orc:1    | Found Bizaw's Weapon Boutique.
 24904 | Orc:1    | Found Tuze's General Store.
 24912 | Orc:1    | Bought a scroll of identify for 26 gold pieces
 24912 | Orc:1    | Bought a scroll of identify for 26 gold pieces
 24912 | Orc:1    | Bought a scroll of identify for 26 gold pieces
 25032 | Orc:1    | Reached skill level 1 in Crossbows
 25862 | Orc:1    | Found Aqeeser's Book Shop.
 25931 | Orc:1    | Found Onik Laa's Armour Boutique.
 26104 | Orc:2    | Entered Level 2 of the Orcish Mines
 26138 | Orc:2    | Found a labyrinth entrance.
 26149 | Lab      | Entered a labyrinth
 26387 | Lab      | Identified Uguppite's Compendium of Unholy Arts
 26389 | Lab      | Identified the Reference Book on the Oath
 26685 | Orc:2    | Reached skill level 16 in Stealth
 26911 | Orc:2    | Found a staircase to the Elven Halls.
 27097 | Orc:2    | Found a roughly hewn altar of Beogh.
 27103 | Orc:2    | Found a roughly hewn altar of Beogh.
 28643 | Orc:2    | Reached XP level 15. HP: 58/110 MP: 20/20
 28998 | Orc:2    | Noticed GingerOwl's ghost (journeyman GrFi)
 29405 | Orc:2    | Found Luett's Gadget Boutique.
 29533 | Orc:2    | Killed GingerOwl's ghost
 29614 | Orc:2    | Found Ychithrekk's Antique Weapon Shoppe.
 29621 | Orc:2    | Found Hifudomnue's Magic Scroll Shoppe.
 29628 | Orc:2    | Found Nefits's Jewellery Boutique.
 29636 | Orc:2    | Bought a cursed amulet of inaccuracy for 28 gold pieces
 29636 | Orc:2    | Bought a cursed ring of teleportation for 63 gold pieces
 29664 | Orc:2    | Bought the ring "Nantor" {*Slow rPois rF- AC+4 Slay+5} for 778 gold pieces
 29873 | D:5      | Bought the ring "Conam" {+Blink rC+ Str+6} for 1033 gold pieces
 31559 | D:13     | Reached skill level 17 in Stealth
 31593 | D:13     | Noticed a fire giant
 32112 | D:13     | Found an iron altar of Okawaru.
 32414 | D:13     | Noticed a storm dragon
 32930 | D:13     | Killed a storm dragon
 33187 | D:13     | Killed a fire giant
 33453 | D:14     | Reached skill level 5 in Crossbows
 33509 | D:14     | Noticed bogue1979's ghost (journeyman GrEE)
 33534 | D:14     | Killed bogue1979's ghost
 34442 | D:14     | Reached skill level 18 in Stealth
 34444 | D:14     | Found Jureqeh's Armour Shoppe.
 34709 | D:14     | Found a gate to the Vaults.
 34837 | D:15     | Entered Level 15 of the Dungeon
 35024 | D:15     | Reached XP level 16. HP: 102/122 MP: 23/23
 35547 | D:15     | Found Nyang's Book Shoppe.
 35708 | D:15     | Found Ditumpi's Distillery.
 35816 | D:15     | Found a staircase to the Depths.
 35829 | D:15     | Found Peus's Assorted Antiques.
 35838 | D:15     | Bought a pair of glowing gloves for 180 gold pieces
 35949 | D:15     | Found Efecag's General Store.
 36041 | D:15     | Bought a potion of heal wounds for 80 gold pieces
 36041 | D:15     | Bought a potion of heal wounds for 80 gold pieces
 36105 | D:15     | Found Wuokupef's Distillery.
 36469 | Elf:1    | Entered Level 1 of the Elven Halls
 36526 | Orc:2    | Reached skill level 10 in Evocations
 36549 | Orc:2    | HP: 4/123 [deep elf knight/arrow (7)]
 37453 | Elf:1    | Identified the +4 mace of Foyczeh {vamp, rElec rC+ Str+3} (You found it on level 1 of the Elven Halls)
 38521 | Elf:1    | Reached skill level 10 in Fighting
 39693 | Elf:1    | Found Aceqiaje's Gadget Shoppe.
 39719 | Elf:1    | Reached skill level 19 in Stealth
 40036 | Elf:2    | Found a ruined gateway.
 40057 | Desolati | Entered the Desolation of Salt
 41101 | Desolati | HP: 9/190 [peacekeeper (5)]
 41103 | Desolati | HP: 3/190 [saltling (2)]
 41544 | Desolati | Reached XP level 17. HP: 134/134 MP: 24/24
 42638 | Desolati | Reached skill level 20 in Stealth
 42709 | Desolati | Identified Sajil's Tome of Flight
 42717 | Desolati | Identified the cursed +0 chain mail of Zowic {rCorr Str+2 Int-2 Dex+4} (You found it in the Desolation of Salt)
 42721 | Desolati | Identified the cursed +1 battleaxe of Voroavo Zioll {flame, +Blink rPois rC- Str+7} (You found it in the Desolation of Salt)
 42863 | Desolati | HP: 3/204 [imperial myrmidon/double sword (10)]
 43247 | Desolati | Identified the Incunabulum of the Compass and Poison
 43327 | Desolati | Identified the Disquisition on Lucky Flight
 43329 | Desolati | Identified the Grimoire of Hurtful Beguiling
 43828 | Elf:2    | Found Detz's Gadget Shoppe.
 43998 | Elf:2    | Found a huge runed gate.
 43998 | Elf:2    | Found a huge runed gate.
 43998 | Elf:2    | Found a huge runed gate.
 46215 | Swamp:1  | Entered Level 1 of the Swamp
 46255 | Swamp:1  | Reached skill level 21 in Stealth
 46329 | Swamp:1  | Reached XP level 18. HP: 144/144 MP: 25/25
 46909 | Swamp:1  | Noticed a tentacled monstrosity
 46985 | Swamp:1  | Killed a tentacled monstrosity
 48005 | Swamp:2  | Reached skill level 15 in Shields
 48244 | Swamp:3  | Noticed Mara
 48254 | Swamp:3  | Killed Mara
 49068 | Swamp:4  | Entered Level 4 of the Swamp
 49283 | Swamp:4  | Noticed the 27-headed Lernaean hydra
 49296 | Swamp:4  | Killed the 27-headed Lernaean hydra
 49296 | Swamp:4  | Reached skill level 10 in Dodging
 49296 | Swamp:4  | Reached skill level 22 in Stealth
 49522 | Swamp:4  | Got a decaying rune of Zot
 50168 | Vaults:1 | Entered Level 1 of the Vaults
 50927 | Vaults:1 | Reached XP level 19. HP: 129/150 MP: 26/26
 51019 | Vaults:1 | Found a portal to a secret trove of treasure.
 51468 | Vaults:2 | Identified the +2 pair of boots of Fun and Games {rElec Dex+3} (You found it on level 2 of the Vaults)
 51612 | Vaults:2 | Found a staircase to the Crypt.
 51612 | Vaults:2 | Found an ancient bone altar of Kikubaaqudgha.
 51613 | Vaults:2 | Found a basalt altar of Yredelemnul.
 51658 | Vaults:2 | Found Cuowubih's Armour Boutique.
 52192 | Vaults:2 | Reached skill level 10 in Crossbows
 52481 | Vaults:3 | Reached skill level 23 in Stealth
 52506 | Vaults:3 | Found Xasidouh's Distillery.
 52509 | Vaults:3 | Bought a potion of mutation for 128 gold pieces
 52509 | Vaults:3 | Bought a potion of mutation for 128 gold pieces
 52578 | Vaults:3 | Found Zomitz's Jewellery Boutique.
 52587 | Vaults:3 | Bought a cursed ring of loudness for 58 gold pieces
 52766 | Vaults:3 | Found Ohunwiad's Book Emporium.
 52814 | Vaults:3 | Found Aniam's Magic Scroll Shop.
 52815 | Vaults:3 | Noticed Jory
 52836 | Vaults:3 | Killed Jory
 53309 | Vaults:3 | Noticed Asterion
 53313 | Vaults:3 | Killed Asterion
 53452 | Vaults:3 | Reached XP level 20. HP: 157/157 MP: 27/27
 53812 | Vaults:4 | Reached skill level 15 in Dodging
 53871 | Vaults:4 | Found a magical portal.
 53874 | WizLab   | Entered Cigotuvi's Fleshworks
 53978 | WizLab   | Reached skill level 24 in Stealth
 54118 | WizLab   | Paralysed by a floating eye for 4 turns
 54154 | WizLab   | Identified the amulet "Wurol" {+Rage rN+} (You found it in a wizard's laboratory)
 54279 | WizLab   | Paralysed by a floating eye for 4 turns
 54531 | WizLab   | Identified Eshramp's Reference Book on Moulding
 54546 | WizLab   | Identified Cigotuvi's Handbook of Shape Shifting and Dark Magic
 54841 | WizLab   | Gained mutation: Armour fits poorly on your strangely shaped body. [mutagenic glow]
 54900 | WizLab   | Gained mutation: Your spells are a little easier to cast, but a little less powerful. [mutagenic glow]
 54903 | Vaults:4 | Lost mutation: Armour fits poorly on your strangely shaped body. [potion of mutation]
 54903 | Vaults:4 | Gained mutation: Your flesh is cold resistant. (rC+) [potion of mutation]
 54904 | Vaults:4 | Lost mutation: Your flesh is cold resistant. (rC+) [potion of mutation]
 54904 | Vaults:4 | Lost mutation: You are partially covered in rugged brown scales. (AC +1, +3% HP) [potion of mutation]
 54904 | Vaults:4 | Gained mutation: You are partially covered in thin metallic scales. (AC +2) [potion of mutation]
 54905 | Vaults:4 | Lost mutation: You are somewhat resistant to further mutation. [potion of mutation]
 54905 | Vaults:4 | Lost mutation: Your spells are a little easier to cast, but a little less powerful. [potion of mutation]
 54905 | Vaults:4 | Gained mutation: You have a pair of small horns on your head. [potion of mutation]
 54905 | Vaults:4 | Gained mutation: You have sharp fingernails. [potion of mutation]
 54905 | Vaults:4 | Gained mutation: You possess an exceptional clarity of mind. [potion of mutation]
 54905 | Vaults:4 | Gained mutation: You are partially covered in molten scales. (AC +2) [potion of mutation]
 54924 | Vaults:4 | Gained mutation: You are occasionally teleported next to monsters. [mutagenic glow]
 54972 | Vaults:4 | Gained mutation: You are frail. (-10% HP) [mutagenic glow]
 55026 | Vaults:4 | Gained mutation: Your spells are a little easier to cast, but a little less powerful. [mutagenic glow]
 55201 | Vaults:4 | Lost mutation: You possess an exceptional clarity of mind. [mutagenic glow]
 56153 | Vaults:5 | Entered Level 5 of the Vaults
 56153 | Vaults:5 | Noticed Margery
 56166 | Vaults:5 | Killed Margery
 56166 | Vaults:5 | Reached XP level 21. HP: 143/143 MP: 29/29
 56501 | Vaults:5 | Reached skill level 25 in Stealth
 56520 | Vaults:5 | Reached skill level 10 in Invocations
 56549 | Vaults:5 | Noticed a golden dragon
 57074 | Vaults:5 | Killed a golden dragon
 57136 | Vaults:5 | Got a silver rune of Zot
 57302 | Vaults:5 | Identified the cursed +2 glaive of Debt {speed, Str+3 Int+3 Dex+2} (You took it off a vault guard on level 5 of the Vaults)
 57396 | Vaults:5 | Identified the cursed +0 leather armour of Sloth {*Corrode rPois Dex+9 Stlth+} (You found it on level 5 of the Vaults)
 57741 | Vaults:5 | Identified the +11 great sword of RaHiT's Imminent Death {vamp, Int+3} (You took it off a yaktaur on level 5 of the Vaults)
 57751 | Vaults:5 | Identified the ring of Ippegem {rF+ rC+ Str+3} (You found it on level 5 of the Vaults)
 57798 | Vaults:5 | Reached XP level 22. HP: 148/148 MP: 31/31
 58177 | Vaults:5 | Identified the +6 broad axe of Gluttony {drain, rPois Int+3 Dex+3} (You found it on level 5 of the Vaults)
 58392 | Vaults:5 | Lost mutation: You have sharp fingernails. [potion of mutation]
 58392 | Vaults:5 | Lost mutation: You are partially covered in thin metallic scales. (AC +2) [potion of mutation]
 58392 | Vaults:5 | Gained mutation: Your magical capacity is low. (-10% MP) [potion of mutation]
 58392 | Vaults:5 | Gained mutation: You have sharp toenails. [potion of mutation]
 58392 | Vaults:5 | Lost mutation: You have sharp toenails. [potion of mutation]
 58392 | Vaults:5 | Gained mutation: You are agile. (Dex +2) [potion of mutation]
 58393 | Vaults:5 | Lost mutation: You have a pair of small horns on your head. [potion of mutation]
 58393 | Vaults:5 | Lost mutation: Your magical capacity is low. (-10% MP) [potion of mutation]
 58393 | Vaults:5 | Lost mutation: You are agile. (Dex +2) [potion of mutation]
 58393 | Vaults:5 | Gained mutation: Your flesh is heat resistant. (rF+) [potion of mutation]
 58393 | Vaults:5 | Gained mutation: Your system is resistant to poisons. (rPois) [potion of mutation]
 58393 | Vaults:5 | Gained mutation: You are agile. (Dex +2) [potion of mutation]
 58393 | Vaults:5 | Gained mutation: You have a somewhat thin skeletal structure. (Dex +2, Stealth) [potion of mutation]
 58394 | Vaults:5 | Lost mutation: You are partially covered in molten scales. (AC +2) [potion of mutation]
 58394 | Vaults:5 | Lost mutation: You are agile. (Dex +2) [potion of mutation]
 58394 | Vaults:5 | Gained mutation: You are partially covered in molten scales. (AC +2) [potion of mutation]
 58394 | Vaults:5 | Gained mutation: You have large cloven feet. [potion of mutation]
 58395 | Vaults:5 | Lost mutation: You are occasionally teleported next to monsters. [potion of mutation]
 58395 | Vaults:5 | Lost mutation: You are frail. (-10% HP) [potion of mutation]
 58395 | Vaults:5 | Lost mutation: Your flesh is heat resistant. (rF+) [potion of mutation]
 58395 | Vaults:5 | Gained mutation: You are somewhat resistant to further mutation. [potion of mutation]
 58395 | Vaults:5 | Lost mutation: Your spells are a little easier to cast, but a little less powerful. [potion of mutation]
 58622 | Elf:3    | Entered Level 3 of the Elven Halls
 58624 | Elf:3    | Identified the cursed +0 ring mail "Weolur" {MR+} (You found it on level 3 of the Elven Halls)
 58689 | Elf:3    | Found Ifaoxiu's Antique Weapon Shoppe.
 58844 | Elf:3    | Found Ufiddyad's Jewellery Shoppe.
 58864 | Elf:3    | Found Qanoic's Armour Boutique.
 58921 | Elf:3    | Found Eneseq's Food Emporium.
 58954 | Elf:3    | Found Ulugheam's Magic Scroll Shop.
 59996 | Elf:3    | Identified the +1 leather armour "Cacwikh" {+Blink rC+ Regen+ Stlth+} (You found it on level 3 of the Elven Halls)
 60409 | Elf:3    | Reached skill level 26 in Stealth
 60515 | Elf:3    | Identified the ring "Ifaecioc" {rC+++ AC+6 Int+6 SInv} (You took it off a deep elf death mage on level 3 of the Elven Halls)
 60557 | Elf:3    | Identified the +8 falchion "Giujoj" {protect, rN+ Str+2} (You took it off a deep elf sorcerer on level 3 of the Elven Halls)
 60576 | Elf:3    | Identified Kuminaa's Reference Book on Confrontation
 60837 | Elf:3    | Identified the +6 scale mail "Leax" {MR+} (You took it off a deep elf high priest on level 3 of the Elven Halls)
 60860 | Elf:3    | Bought the brooch of Shielding {Reflect SH+8} for 1700 gold pieces
 60860 | Elf:3    | Found the brooch of Shielding {Reflect SH+8}
 60879 | Elf:3    | Found Ruruusar's Gadget Shoppe.
 60880 | Elf:3    | Found Atukyib's Jewellery Boutique.
 60881 | Elf:3    | Found Unib's Gadget Shoppe.
 61441 | Snake:1  | Entered Level 1 of the Snake Pit
 61679 | Snake:1  | Reached skill level 10 in Armour
 62203 | Snake:2  | Noticed BrokenGlass's ghost (adept VSAs)
 62216 | Snake:2  | Killed BrokenGlass's ghost
 62611 | Snake:2  | You fall through a shaft!
 62770 | Snake:3  | Found Bonaef's Distillery.
 62776 | Snake:3  | Bought 2 potions of heal wounds for 140 gold pieces
 62776 | Snake:3  | Bought a potion of heal wounds for 70 gold pieces
 62776 | Snake:3  | Bought a potion of heal wounds for 70 gold pieces
 62776 | Snake:3  | Bought 2 potions of heal wounds for 140 gold pieces
 62788 | Snake:3  | Noticed Saint Roka
 62824 | Snake:3  | Killed Saint Roka
 62968 | Snake:3  | Noticed Roxanne
 63010 | Snake:3  | Killed Roxanne
 63497 | Snake:4  | Entered Level 4 of the Snake Pit
 63559 | Snake:4  | Reached XP level 23. HP: 173/173 MP: 32/32
 63709 | Snake:4  | Noticed Vashnia
 63752 | Snake:4  | Killed Vashnia
 64453 | Snake:4  | Got a serpentine rune of Zot
 64917 | Snake:4  | Found a deep blue altar of Sif Muna.
 65219 | Lair:5   | Lost mutation: You are partially covered in molten scales. (AC +2) [potion of mutation]
 65219 | Lair:5   | Lost mutation: You have large cloven feet. [potion of mutation]
 65219 | Lair:5   | Lost mutation: Your system is resistant to poisons. (rPois) [potion of mutation]
 65220 | Lair:5   | Lost mutation: You are somewhat resistant to further mutation. [potion of mutation]
 65220 | Lair:5   | Lost mutation: You have a somewhat thin skeletal structure. (Dex +2, Stealth) [potion of mutation]
 65220 | Lair:5   | Gained mutation: You have sharp fingernails. [potion of mutation]
 65220 | Lair:5   | Gained mutation: Your flesh is cold resistant. (rC+) [potion of mutation]
 65221 | Lair:5   | Lost mutation: Your flesh is cold resistant. (rC+) [potion of mutation]
 65221 | Lair:5   | Lost mutation: You have sharp fingernails. [potion of mutation]
 65221 | Lair:5   | Gained mutation: Armour fits poorly on your strangely shaped body. [potion of mutation]
 65221 | Lair:5   | Gained mutation: You are dopey. (Int -2) [potion of mutation]
 65221 | Lair:5   | Gained mutation: You have sharp toenails. [potion of mutation]
 65221 | Lair:5   | Gained mutation: Your muscles are strong. (Str +2) [potion of mutation]
 65222 | Lair:5   | Lost mutation: Your muscles are strong. (Str +2) [potion of mutation]
 65222 | Lair:5   | Lost mutation: Armour fits poorly on your strangely shaped body. [potion of mutation]
 65222 | Lair:5   | Lost mutation: You are dopey. (Int -2) [potion of mutation]
 65222 | Lair:5   | Lost mutation: You have sharp toenails. [potion of mutation]
 65222 | Lair:5   | Gained mutation: Armour fits poorly on your strangely shaped body. [potion of mutation]
 65222 | Lair:5   | Gained mutation: You are robust. (+10% HP) [potion of mutation]
 65223 | Lair:5   | Lost mutation: You are robust. (+10% HP) [potion of mutation]
 65223 | Lair:5   | Lost mutation: Armour fits poorly on your strangely shaped body. [potion of mutation]
 65223 | Lair:5   | Gained mutation: You are partially covered in large bone plates. (SH +4) [potion of mutation]
 65223 | Lair:5   | Gained mutation: You have a pair of small antennae on your head. [potion of mutation]
 65224 | Lair:5   | Lost mutation: You have a pair of small antennae on your head. [potion of mutation]
 65224 | Lair:5   | Gained mutation: Your flesh is heat resistant. (rF+) [potion of mutation]
 65224 | Lair:5   | Gained mutation: Your body sometimes deteriorates upon taking damage. [potion of mutation]
 65224 | Lair:5   | Gained mutation: You have sharp toenails. [potion of mutation]
 65225 | Lair:5   | Lost mutation: Your body sometimes deteriorates upon taking damage. [potion of mutation]
 65225 | Lair:5   | Lost mutation: Your flesh is heat resistant. (rF+) [potion of mutation]
 65225 | Lair:5   | Lost mutation: You have sharp toenails. [potion of mutation]
 65225 | Lair:5   | Gained mutation: You are surrounded by a mild repulsion field. (EV +2) [potion of mutation]
 65225 | Lair:5   | Gained mutation: You have sharp fingernails. [potion of mutation]
 65226 | Lair:5   | Lost mutation: You have sharp fingernails. [potion of mutation]
 65226 | Lair:5   | Lost mutation: You are surrounded by a mild repulsion field. (EV +2) [potion of mutation]
 65226 | Lair:5   | Gained mutation: Your flesh is cold resistant. (rC+) [potion of mutation]
 65227 | Lair:5   | Lost mutation: Your flesh is cold resistant. (rC+) [potion of mutation]
 65227 | Lair:5   | Gained mutation: You have a pair of small horns on your head. [potion of mutation]
 65227 | Lair:5   | Gained mutation: You have a pair of horns on your head. [potion of mutation]
 65228 | Lair:5   | Lost mutation: You have a pair of horns on your head. [potion of mutation]
 65228 | Lair:5   | Lost mutation: You are partially covered in large bone plates. (SH +4) [potion of mutation]
 65228 | Lair:5   | Gained mutation: Your body sometimes deteriorates upon taking damage. [potion of mutation]
 65228 | Lair:5   | Gained mutation: You possess an exceptional clarity of mind. [potion of mutation]
 65625 | Slime:1  | Entered Level 1 of the Pits of Slime
 65710 | Slime:2  | Killed Donald
 65747 | Slime:2  | Gained mutation: Your body often deteriorates upon taking damage. [a shining eye]
 66000 | Slime:3  | Reached skill level 27 in Stealth
 66604 | Slime:5  | Entered Level 5 of the Pits of Slime
 66699 | Slime:5  | Gained mutation: You are weak. (Str -2) [a shining eye]
 66717 | Slime:5  | Lost mutation: You possess an exceptional clarity of mind. [a shining eye]
 67241 | Slime:5  | Reached skill level 15 in Crossbows
 67257 | Slime:5  | Paralysed by a floating eye for 3 turns
 67540 | Slime:5  | Noticed the Royal Jelly
 67559 | Slime:5  | Paralysed by a floating eye for 4 turns
 68558 | Depths:1 | Entered Level 1 of the Depths
 68644 | Depths:1 | Found the +8 storm bow {elec}
 68649 | Depths:1 | Reached XP level 24. HP: 180/182 MP: 32/32
 68737 | Depths:1 | Identified the +10 shortbow of the Shark {speed, MR++} (You found it on level 1 of the Depths)
 68781 | Depths:1 | Found a transporter.
 68795 | Depths:1 | Found a gateway to Hell.
 69143 | Depths:1 | Identified the +2 helmet of a labyrinth {rF+ rN++} (You found it on level 1 of the Depths)
 69621 | Slime:5  | Lost mutation: You are weak. (Str -2) [a shining eye]
 69878 | Slime:5  | Killed the Royal Jelly
 70341 | Slime:5  | Gained mutation: Your magical capacity is low. (-10% MP) [a shining eye]
 70568 | Slime:5  | Identified the cursed +0 pair of boots of Defiance {Str+5} (You found it on level 5 of the Pits of Slime)
 70665 | Slime:5  | Identified the cursed +0 chain mail of Servitude {rElec rCorr Dex-3} (You found it on level 5 of the Pits of Slime)
 70677 | Slime:5  | Identified the +1 long sword "Sarcophage" {drain, Str+4} (You found it on level 5 of the Pits of Slime)
 70719 | Slime:5  | Got a slimy rune of Zot
 70733 | Slime:5  | Identified the +2 plate armour "Urir" {rN+ Str-3 Int+4 Stlth+} (You found it on level 5 of the Pits of Slime)
 70805 | Slime:5  | Identified the +6 dagger of the Stoat {vamp, *Slow rPois Int+5 SInv} (You found it on level 5 of the Pits of Slime)
 70998 | Slime:4  | Gained mutation: Armour fits poorly on your strangely shaped body. [a shining eye]
 71003 | Slime:4  | Gained mutation: You are weak. (Str -2) [a shining eye]
 71112 | Slime:3  | Gained mutation: Your spells are a little easier to cast, but a little less powerful. [a shining eye]
 71222 | Slime:1  | Gained mutation: You are frail. (-10% HP) [a shining eye]
 71449 | Lair:1   | Lost mutation: Your spells are a little easier to cast, but a little less powerful. [potion of mutation]
 71449 | Lair:1   | Lost mutation: You are weak. (Str -2) [potion of mutation]
 71449 | Lair:1   | Lost mutation: Your body often deteriorates upon taking damage. [potion of mutation]
 71449 | Lair:1   | Lost mutation: Your body sometimes deteriorates upon taking damage. [potion of mutation]
 71449 | Lair:1   | Gained mutation: You possess an exceptional clarity of mind. [potion of mutation]
 71449 | Lair:1   | Gained mutation: You are partially covered in slimy green scales. (AC +2) [potion of mutation]
 71450 | Lair:1   | Lost mutation: Armour fits poorly on your strangely shaped body. [potion of mutation]
 71450 | Lair:1   | Lost mutation: You have a pair of small horns on your head. [potion of mutation]
 71450 | Lair:1   | Gained mutation: You are agile. (Dex +2) [potion of mutation]
 71451 | Lair:1   | Lost mutation: You are partially covered in slimy green scales. (AC +2) [potion of mutation]
 71451 | Lair:1   | Lost mutation: You are agile. (Dex +2) [potion of mutation]
 71451 | Lair:1   | Lost mutation: You are frail. (-10% HP) [potion of mutation]
 71451 | Lair:1   | Lost mutation: Your magical capacity is low. (-10% MP) [potion of mutation]
 71451 | Lair:1   | Gained mutation: You are clumsy. (Dex -2) [potion of mutation]
 71451 | Lair:1   | Gained mutation: Your muscles are strong. (Str +2) [potion of mutation]
 71451 | Lair:1   | Gained mutation: You have a pair of small horns on your head. [potion of mutation]
 71451 | Lair:1   | Gained mutation: You have sharp toenails. [potion of mutation]
 71830 | Depths:1 | Found a transporter.
 72116 | Depths:1 | Identified the amulet "Gaoron" {Gourm MR+ MP+9 Dex+2 Stlth+} (You found it on level 1 of the Depths)
 72350 | Depths:2 | Found a sparkling altar of Nemelex Xobeh.
 72449 | Depths:2 | Noticed Jorgrun
 72476 | Depths:2 | Killed Jorgrun
 72649 | Depths:2 | Identified the cursed +1 chain mail of Wytaguodi {Int+4} (You found it on level 2 of the Depths)
 72926 | Depths:2 | Reached skill level 15 in Short Blades
 73167 | Depths:2 | Noticed Bai Suzhen
 73185 | Depths:2 | Killed Bai Suzhen
 73483 | Depths:2 | Reached XP level 25. HP: 164/190 MP: 32/32
 73775 | Depths:2 | Identified the +4 ring mail of Syndicalism {rC+} (You found it on level 2 of the Depths)
 73778 | Depths:2 | Identified the ring of Nyojen Zutto {rCorr +Inv Slay+3} (You found it on level 2 of the Depths)
 73781 | Depths:2 | Identified Ziset's Reference Book on Enchanting Stolen Souls
 74494 | Depths:3 | Found a glowing golden altar of the Shining One.
 74522 | Depths:3 | Found a one-way gate leading to the halls of Pandemonium.
 74953 | Depths:4 | Reached skill level 15 in Armour
 75249 | Depths:4 | Found a large runed door.
 75250 | Depths:4 | Found a large runed door.
 75658 | Depths:4 | Found Iseiper's Magic Scroll Boutique.
 75666 | Depths:4 | Bought a scroll of identify for 42 gold pieces
 75666 | Depths:4 | Bought a scroll of blinking for 157 gold pieces
 75681 | Depths:4 | Found a one-way gate to the infinite horrors of the Abyss.
 75869 | Depths:4 | Reached skill level 15 in Fighting
 76014 | Depths:4 | HP: 5/193 [black draconian/bolt of lightning (15)]
 76804 | Depths:5 | Entered Level 5 of the Depths
 77023 | Depths:5 | Reached XP level 26. HP: 168/202 MP: 32/32
 77038 | Depths:5 | Found a gateway to a ziggurat.
 77312 | Depths:5 | Found a gate to the Realm of Zot.
 78195 | Crypt:1  | Entered Level 1 of the Crypt
 78272 | Crypt:1  | Noticed Mennas
 78288 | Crypt:1  | Killed Mennas
 80011 | Crypt:2  | Noticed a greater mummy
 80013 | Crypt:2  | Noticed a greater mummy
 80029 | Crypt:2  | Killed a greater mummy
 80304 | Crypt:2  | Noticed Khufu
 81014 | Crypt:2  | Found a deep blue altar of Sif Muna.
 81136 | Crypt:2  | Identified the amulet of Tunty {RegenMP rC+ Dex+3} (You took it off a deep elf mage on level 2 of the Crypt)
 81374 | Crypt:3  | Entered Level 3 of the Crypt
 81584 | Crypt:3  | Reached skill level 15 in Invocations
 81857 | Crypt:3  | Identified the +7 rapier of Inflation {pierce, rPois rN+ Str+2 Int+2} (You found it on level 3 of the Crypt)
 82350 | Crypt:3  | Reached XP level 27. HP: 210/210 MP: 34/34
 82388 | Crypt:3  | Found the +6 Majin-Bo {vamp, Archmagi MP+6 Int+6}
 82775 | Crypt:3  | Found a staircase to the Tomb.
 82775 | Crypt:3  | Noticed an ancient lich
 83504 | Crypt:3  | Killed an ancient lich
 83626 | Crypt:3  | Found an ancient bone altar of Kikubaaqudgha.
 83628 | Crypt:3  | Noticed an ancient lich
 83644 | Crypt:3  | Killed an ancient lich
 83678 | Crypt:3  | Noticed an ancient lich
 83686 | Crypt:3  | Killed an ancient lich
 83711 | Crypt:3  | Identified the ring of the Country {rF+ rN+ AC+3 Stlth+} (You found it on level 3 of the Crypt)
 84256 | Crypt:2  | Killed a greater mummy
 84259 | Crypt:2  | Killed Khufu
 84660 | Depths:4 | Voluntarily entered the Abyss.
 85869 | Abyss:4  | Gained mutation: You are very clumsy. (Dex -4) [a neqoxec]
 85879 | Abyss:4  | Gained mutation: Potions are less effective at restoring your health. [a neqoxec]
 85989 | Depths:4 | Escaped the Abyss
 86313 | Lair:1   | Got a pair of smoking boots
 86324 | Lair:1   | Identified the +1 pair of boots of the Nine of Cups {-Tele rElec Int-5 Dex+7} (You acquired it on level 1 of the Lair of Beasts)
 86502 | Orc:2    | Bought a scroll of acquirement for 780 gold pieces
 86505 | Orc:2    | Got a dazzling plate armour
 86506 | Orc:2    | Identified the +8 plate armour "Jusig" {rPois} (You acquired it on level 2 of the Orcish Mines)
 86675 | Zot:1    | Entered Level 1 of the Realm of Zot
 87176 | Depths:5 | Voluntarily entered the Abyss.
 87203 | Abyss:1  | Identified the cursed +3 whip "Gauzxorph" {freeze, rC+} (You found it on level 1 of the Abyss)
 87505 | Abyss:2  | Lost mutation: You possess an exceptional clarity of mind. [a shining eye]
 87995 | Abyss:5  | Entered Level 5 of the Abyss
 88257 | Depths:5 | Escaped the Abyss
 88593 | Depths:5 | Voluntarily entered the Abyss.
 88650 | Abyss:1  | Paralysed by accursed screaming for 1 turns
 88710 | Abyss:1  | Lost mutation: You are very clumsy. (Dex -4) [a neqoxec]
 88713 | Abyss:1  | Noticed a juggernaut
 88724 | Abyss:1  | Killed a juggernaut
 88771 | Abyss:1  | Found a shattered altar of Ashenzari.
 89037 | Abyss:2  | Found a corrupted altar of Lugonu.
 89594 | Abyss:4  | Found a corrupted altar of Lugonu.
 89600 | Abyss:4  | Found an ornate altar of the Wu Jian Council.
 89671 | Abyss:5  | Entered Level 5 of the Abyss
 90223 | Abyss:5  | Gained mutation: You are very clumsy. (Dex -4) [a neqoxec]
 90332 | Depths:5 | Escaped the Abyss
 90856 | Depths:5 | Voluntarily entered the Abyss.
 90856 | Abyss:1  | Found a corrupted altar of Lugonu.
 90896 | Abyss:1  | Noticed an ancient lich
 91318 | Abyss:1  | Killed an ancient lich
 91926 | Abyss:3  | Found a corrupted altar of Lugonu.
 92230 | Abyss:5  | Entered Level 5 of the Abyss
 92312 | Abyss:5  | Noticed an ancient lich
 92314 | Abyss:5  | Killed an ancient lich
 92324 | Abyss:5  | Gained mutation: Your spells are a little easier to cast, but a little less powerful. [a neqoxec]
 92713 | Abyss:5  | Found a corrupted altar of Lugonu.
 93133 | Depths:5 | Escaped the Abyss
 93148 | Depths:5 | Identified a +2 pair of boots of running (You found it on level 1 of the Abyss)
 93492 | Hell     | Entered the Vestibule of Hell
 93492 | Hell     | Noticed Geryon
 93522 | Hell     | Killed Geryon
 93540 | Hell     | Noticed KleinerIrrer's ghost (legendary FoFi)
 93562 | Hell     | Killed KleinerIrrer's ghost
 93562 | Hell     | Noticed Murray
 95048 | Hell     | Killed Murray
 95328 | Hell     | Found a gateway to the ashen valley of Gehenna.
 95444 | Hell     | Found a gateway to the Iron City of Dis.
 95505 | Hell     | Found a gateway to the freezing wastes of Cocytus.
 95657 | Hell     | Found a gateway to the decaying netherworld of Tartarus.
 95790 | Geh:1    | Entered Level 1 of Gehenna
 97488 | Geh:7    | Entered Level 7 of Gehenna
 97512 | Geh:7    | Lost mutation: Your spells are a little easier to cast, but a little less powerful. [mutagenic glow]
 98161 | Tar:1    | Entered Level 1 of Tartarus
 98395 | Dis:1    | Entered Level 1 of the Iron City of Dis
 98911 | Dis:1    | Lost mutation: You have sharp toenails. [mutagenic glow]
 98964 | Dis:1    | Gained mutation: Your magical capacity is low. (-10% MP) [mutagenic glow]
 99029 | Dis:1    | Gained mutation: Your magical capacity is very low. (-20% MP) [mutagenic glow]
100704 | Coc:1    | Entered Level 1 of Cocytus
101349 | Coc:7    | Entered Level 7 of Cocytus
103812 | Depths:5 | Voluntarily entered the Abyss.
103993 | Abyss:1  | Noticed an ancient lich
104021 | Abyss:1  | Killed an ancient lich
104583 | Abyss:5  | Entered Level 5 of the Abyss
105038 | Depths:5 | Escaped the Abyss
105439 | Depths:5 | Voluntarily entered the Abyss.
105677 | Abyss:2  | Found a corrupted altar of Lugonu.
105823 | Abyss:4  | Found a corrupted altar of Lugonu.
105899 | Abyss:5  | Entered Level 5 of the Abyss
105963 | Abyss:5  | Noticed an ancient lich
105987 | Abyss:5  | Killed an ancient lich
106208 | Abyss:5  | Got an abyssal rune of Zot
106368 | Abyss:5  | Paralysed by accursed screaming for 1 turns
106569 | Abyss:5  | Paralysed by accursed screaming for 1 turns
106579 | Depths:5 | Escaped the Abyss
109846 | Depths:5 | Lost mutation: Your muscles are strong. (Str +2) [potion of mutation]
109846 | Depths:5 | Lost mutation: You have a pair of small horns on your head. [potion of mutation]
109846 | Depths:5 | Lost mutation: Your magical capacity is very low. (-20% MP) [potion of mutation]
109846 | Depths:5 | Gained mutation: Your magical capacity is very low. (-20% MP) [potion of mutation]
109846 | Depths:5 | Gained mutation: Your mind is acute. (Int +2) [potion of mutation]
109846 | Depths:5 | Gained mutation: You are resistant to hostile enchantments. (MR+) [potion of mutation]
109846 | Depths:5 | Gained mutation: Your mind is very acute. (Int +4) [potion of mutation]
109847 | Depths:5 | Lost mutation: Your mind is very acute. (Int +4) [potion of mutation]
109847 | Depths:5 | Lost mutation: Your magical capacity is very low. (-20% MP) [potion of mutation]
109847 | Depths:5 | Lost mutation: Your magical capacity is low. (-10% MP) [potion of mutation]
109847 | Depths:5 | Gained mutation: You expend magic power (3 MP) to strengthen your wands. [potion of mutation]
109847 | Depths:5 | Gained mutation: Your movements are slightly less encumbered by armour. (ER -2) [potion of mutation]
109848 | Depths:5 | Lost mutation: Potions are less effective at restoring your health. [potion of mutation]
109848 | Depths:5 | Lost mutation: You expend magic power (3 MP) to strengthen your wands. [potion of mutation]
109848 | Depths:5 | Lost mutation: Your mind is acute. (Int +2) [potion of mutation]
109848 | Depths:5 | Lost mutation: You are resistant to hostile enchantments. (MR+) [potion of mutation]
109848 | Depths:5 | Gained mutation: You expend magic power (3 MP) to strengthen your wands. [potion of mutation]
109848 | Depths:5 | Gained mutation: You are partially covered in slimy green scales. (AC +2) [potion of mutation]
109849 | Depths:5 | Lost mutation: Your movements are slightly less encumbered by armour. (ER -2) [potion of mutation]
109849 | Depths:5 | Lost mutation: You expend magic power (3 MP) to strengthen your wands. [potion of mutation]
109849 | Depths:5 | Gained mutation: You are frail. (-10% HP) [potion of mutation]
109849 | Depths:5 | Gained mutation: You are weak. (Str -2) [potion of mutation]
109849 | Depths:5 | Gained mutation: Your spells are a little harder to cast, but a little more powerful. [potion of mutation]
110040 | Lair:1   | Lost mutation: You are frail. (-10% HP) [potion of mutation]
110040 | Lair:1   | Lost mutation: You are very clumsy. (Dex -4) [potion of mutation]
110040 | Lair:1   | Lost mutation: You are weak. (Str -2) [potion of mutation]
110040 | Lair:1   | Gained mutation: You are dopey. (Int -2) [potion of mutation]
110040 | Lair:1   | Gained mutation: You are somewhat resistant to further mutation. [potion of mutation]
110041 | Lair:1   | Lost mutation: Your spells are a little harder to cast, but a little more powerful. [potion of mutation]
110041 | Lair:1   | Lost mutation: You are somewhat resistant to further mutation. [potion of mutation]
110041 | Lair:1   | Lost mutation: You are clumsy. (Dex -2) [potion of mutation]
110041 | Lair:1   | Gained mutation: You evolve. [potion of mutation]
110449 | Tomb:1   | Entered Level 1 of the Tomb of the Ancients
110873 | Tomb:1   | Noticed a greater mummy
111158 | Tomb:1   | Killed a greater mummy
111706 | Tomb:1   | Noticed a greater mummy
111712 | Tomb:1   | Killed a greater mummy
112024 | Tomb:2   | Noticed a greater mummy
112024 | Tomb:2   | Noticed a greater mummy
112028 | Tomb:2   | Noticed an ancient lich
112143 | Tomb:1   | Noticed an ancient lich
112192 | Tomb:1   | Killed an ancient lich
112741 | Pan      | Entered Pandemonium
113895 | Pan      | Noticed Vyta the pandemonium lord
113905 | Pan      | Killed Vyta the pandemonium lord
114471 | Pan      | HP: 6/242 [Executioner (17)]
115065 | Pan      | HP: 4/242 [hellion/damnation (39)]
115254 | Pan      | Gained mutation: You occasionally shout uncontrollably at your foes. [a neqoxec]
115258 | Pan      | Gained mutation: You are weak. (Str -2) [a neqoxec]
115289 | Pan      | Noticed Vyf Ejobb the pandemonium lord
115296 | Pan      | Gained mutation: Your magical capacity is low. (-10% MP) [a neqoxec]
115301 | Pan      | Killed Vyf Ejobb the pandemonium lord
116009 | Pan      | Killed from afar by a Tzitzimitl

Skill      XL: |  1  2  3  4  5  6  7  8  9 10 11 12 13 14 15 16 17 18 19 20 21 22 23 24 25 26 27 |
---------------+----------------------------------------------------------------------------------+-----
Fighting       | 2 3 4 5 6 8 11 12 13 14 15 16 25 | 25.3
Stealth        | 6 7 8 9 10 12 14 16 18 19 21 22 23 24 25 26 27 | 27.0
Short Blades   | 3 4 6 7 8 9 10 11 12 13 15 16 21 | 21.0
Throwing       | 2 3 4 5 6 |  6.0
Armour         | 1 2 3 6 7 8 10 12 14 15 16 21 | 21.0
Dodging        | 2 3 4 5 6 8 11 14 15 19 | 19.7
Evocations     | 1 2 3 4 5 7 9 10 11 12 | 12.0
Shields        | 5 6 8 10 11 12 14 15 | 15.0
Invocations    | 1 3 4 5 6 8 11 12 15 18 | 18.0
Crossbows      | 2 5 6 9 11 13 14 15 16 17 19 | 19.0

Action                   |  1- 3 |  4- 6 |  7- 9 | 10-12 | 13-15 | 16-18 | 19-21 | 22-24 | 25-27 || total
-------------------------+-------+-------+-------+-------+-------+-------+-------+-------+-------++-------
Melee: Dagger            |    80 |   122 |   480 |   870 |  2572 |   667 |       |       |       ||  4791
       Bite              |     3 |    11 |    64 |   121 |   451 |   310 |   312 |   462 |  2085 ||  3819
       Unarmed           |       |       |       |       |     1 |       |       |       |       ||     1
       Rapier            |       |       |       |       |       |   508 |       |       |  1245 ||  1753
       Quick blade       |       |       |       |       |       |   487 |  1379 |  2153 |  8051 || 12070
       Headbutt          |       |       |       |       |       |       |   260 |   486 |  3191 ||  3937
 Fire: Blowgun           |    19 |    13 |    11 |    73 |   458 |    68 |       |       |       ||   642
       Arbalest          |       |       |       |       |    25 |    23 |       |   129 |   224 ||   401
Throw: Tomahawk          |       |       |     9 |    55 |   187 |   154 |     9 |    41 |   153 ||   608
       Throwing net      |       |       |     2 |       |     1 |       |       |       |       ||     3
       Javelin           |       |       |       |       |    88 |       |       |       |       ||    88
Invok: Line Pass         |       |       |       |     7 |    21 |     7 |     2 |     3 |    23 ||    63
       Stomp             |       |       |       |     2 |     1 |     1 |       |     1 |    21 ||    26
       Grand Finale      |       |       |       |       |     1 |     4 |     5 |     9 |    32 ||    51
 Abil: End Transformatio |     1 |       |     1 |    14 |    64 |    15 |       |     8 |    29 ||   132
       Bat Form          |     1 |       |     1 |    14 |    64 |    15 |       |     8 |    29 ||   132
       Evoke Berserk Rag |       |       |       |       |     4 |    11 |       |     1 |     1 ||    17
       Evoke Blink       |       |       |       |       |     1 |     6 |     2 |    12 |     6 ||    27
Evoke: Wand              |       |       |     2 |    16 |    49 |    26 |    13 |     4 |    41 ||   151
       Lamp of fire      |       |       |       |       |       |       |       |     2 |     3 ||     5
       Phial of floods   |       |       |       |       |       |       |       |     1 |     4 ||     5
       Lightning rod     |       |       |       |       |       |       |       |       |    15 ||    15
       Sack of spiders   |       |       |       |       |       |       |       |       |     2 ||     2
  Use: Scroll            |     3 |     4 |     6 |    12 |    17 |    21 |    11 |    20 |    31 ||   125
       Potion            |       |     4 |    10 |    12 |    39 |    48 |     8 |    51 |   149 ||   321
 Stab: Sleeping          |    17 |    12 |    28 |    27 |    73 |    84 |    76 |    85 |   157 ||   559
       Distracted        |       |       |     2 |       |     3 |     7 |     7 |    13 |    75 ||   107
       Invisible         |       |       |     6 |       |       |       |     5 |       |       ||    11
       Paralysed         |       |       |    11 |    16 |    75 |    61 |    97 |   164 |   524 ||   948
       Held in net/web   |       |       |     2 |       |     3 |       |       |       |       ||     5
       Confused          |       |       |       |     2 |    13 |     2 |     1 |     1 |    22 ||    41
       Petrifying        |       |       |       |       |       |       |       |       |     2 ||     2
  Eat: Corpse            |       |       |       |     2 |     1 |       |       |       |     1 ||     4
Armor: Robe              |     9 |    19 |    62 |    57 |   253 |   227 |    67 |    56 |   547 ||  1297
       Troll leather arm |       |       |       |     6 |       |       |       |       |       ||     6
       Skin              |       |       |       |       |    16 |       |       |       |       ||    16
       Acid dragon scale |       |       |       |       |       |       |       |   100 |       ||   100
Dodge: Dodged            |    41 |    32 |   233 |   255 |   817 |   560 |   292 |   517 |  2376 ||  5123
Block: Buckler           |       |       |    29 |   102 |   386 |   212 |       |       |       ||   729
       Shield            |       |       |       |       |       |   179 |   486 |   886 |  5051 ||  6602
       Reflection        |       |       |       |       |       |     4 |    52 |    79 |   113 ||   248
       Other             |       |       |       |       |       |       |       |    18 |    40 ||    58
